 Dungeon Crawl Stone Soup version 0.19-a0-994-g3c636f0 (webtiles) character file.

10156 Duffy the Carver (level 11, -5/71 HPs)
             Began as a Tengu Monk on July 15, 2016.
             Was a High Priest of Cheibriados.
             Slain by a large slime creature (28 damage)
             ... on level 11 of the Dungeon.
             The game lasted 00:15:34 (13015 turns).

Duffy the Carver (Tengu Monk)                      Turns: 13015, Time: 00:15:35

Health: -5/71      AC: 11    Str: 26    XL:     11   Next: 57%
Magic:  17/17      EV: 17    Int: 25    God:    Cheibriados [*****.]
Gold:   493        SH:  0    Dex: 37    Spells: 0 memorised, 10 levels left

rFire  . . .     SeeInvis .     a - +0 falchion
rCold  + . .     Gourm    .     w - +2 chain mail {rC+}
rNeg   . . .     Faith    .     (no shield)
rPois  .         Spirit   .     (helmet restricted)
rElec  .         Dismiss  .     y - +0 cloak
rCorr  .         Reflect  .     (no gloves)
SustAt .         Harm     +     (boots unavailable)
MR     .....                    r - amulet of harm
Stlth  ..........               o - +2 ring of slaying
                                t - +4 ring of dexterity

@: very slow, not resistant to hostile enchantments, extremely unstealthy
A: beak, talons 3, able to fly 1
a: Fly, Bend Time, Temporal Distortion, Slouch, Step From Time, Renounce
Religion


You were on level 11 of the Dungeon.
You worshipped Cheibriados.
Cheibriados was extremely pleased with you.
You were not hungry.

You visited 2 branches of the dungeon, and saw 12 of its levels.
You also visited: Ossuary.

You collected 493 gold pieces.


Innate Abilities, Weirdness & Mutations

You have a beak for a mouth.
You have claws for feet.
You can fly.


   Skills:
 + Level 9.5 Fighting
 - Level 12.2 Long Blades
 - Level 8.2 Dodging
 - Level 2.0 Stealth
 + Level 7.9 Invocations


You had 10 spell levels left.
You didn't know any spells.

Inventory:

Hand Weapons
 a - a +0 falchion (weapon)
 p - a +0 blowgun
Missiles
 u - 36 poisoned needles
 A - a throwing net (quivered)
Armour
 m - a +1 ring mail of poison resistance
 w - a +2 chain mail of cold resistance (worn)
 y - a +0 cloak (worn)
Jewellery
 l - an uncursed ring of protection from cold
 o - a +2 ring of slaying (right hand)
 r - an amulet of harm (around neck)
 t - a +4 ring of dexterity (left hand)
Wands
 E - a wand of lightning (7/15)
 F - a wand of acid (6/15)
Scrolls
 e - a scroll of magic mapping
 g - a scroll of teleportation
 i - 2 scrolls of recharging
 j - a scroll of enchant armour
 x - a scroll of fog {unknown}
 z - a scroll of blinking {unknown}
 B - a scroll of fear {unknown}
Potions
 h - 4 potions of flight
 k - 3 potions of might
 q - a potion of curing
 s - a potion of ambrosia
 H - a potion of magic {unknown}
Books
 D - a book of Ice
Comestibles
 c - 6 bread rations
 n - a beef jerky
 v - 8 fruits
 C - 3 meat rations
 G - 3 royal jellies

Dungeon Overview and Level Annotations

Branches:
Dungeon (11/15)            Temple (1/1) D:5            Lair (0/6) D:11
    Orc (0/2) D:10

Altars:
Ashenzari
Cheibriados
Dithmenos
Elyvilon
Fedhas
Gozag
Hepliaklqana
Kikubaaqudgha
Makhleb
Nemelex Xobeh
Okawaru
Pakellas
Qazlal
Ru
Sif Muna
Trog
Uskayaw
Vehumet
Xom
Yredelemnul
Zin
The Shining One

Shops:
D:5 :


Message History

You are too injured to fight recklessly!
You are too injured to fight recklessly!
You are too injured to fight recklessly!
You are too injured to fight recklessly!
You are too injured to fight recklessly!
You are too injured to fight recklessly!
You are too injured to fight recklessly!
You are too injured to fight recklessly!
You are too injured to fight recklessly!
You are too injured to fight recklessly!
You are too injured to fight recklessly!
You are too injured to fight recklessly!
You hit the large slime creature but do no damage.
You claw the large slime creature, but do no damage.
You peck the large slime creature!
The large slime creature is heavily wounded.
The large slime creature misses you.
You hit the large slime creature. You claw the large slime creature.
You peck the large slime creature, but do no damage.
The large slime creature is heavily wounded.
You slash the large slime creature! You claw the large slime creature.
You peck the large slime creature!
The large slime creature is almost dead.
The large slime creature hits you.
You slash the large slime creature!
Your kick misses the large slime creature.
The large slime creature is almost dead.
The large slime creature hits you!!
You slash the large slime creature!
You kill the large slime creature!
Cheibriados appreciates the change of pace.
You feel much better.
You hit the slime creature but do no damage.
You claw the slime creature. You peck the slime creature.
The slime creature is lightly wounded.
The slime creature hits you!
You completely miss the slime creature. Your kick misses the slime creature.
You peck the slime creature!
The slime creature is moderately wounded.
Two slime creatures merge to form a large slime creature.
You slash the large slime creature! You claw the large slime creature.
You peck the large slime creature!
The large slime creature is moderately wounded.
You slash the large slime creature! You claw the large slime creature.
The large slime creature is heavily wounded.
You barely miss the large slime creature.
You claw the large slime creature. You peck the large slime creature.
The large slime creature is heavily wounded.
The large slime creature hits you!!
You die...

#.# #.# # #.# #W #.# ..
##.########
##.#.........##########
#.....######..J@.......
...#...######..##########
#(..................[..#
##.#..#######J##.###...
#.#..# ....#.# #.#...
#........ #.##..
#.##...... ###.##..###.
#....... ..J....[..)
#.....)..


You could see a large slime creature.

Action                   |  1- 3 |  4- 6 |  7- 9 | 10-12 || total
-------------------------+-------+-------+-------+-------++-------
Melee: Falchion          |    89 |   272 |   408 |   314 ||  1083
       Peck              |    25 |    47 |   130 |   114 ||   316
       Kick              |    23 |    92 |   197 |   207 ||   519
Invok: Slouch            |       |       |       |     1 ||     1
 Abil: Fly               |       |       |    10 |     8 ||    18
  Use: Scroll            |     4 |     2 |     7 |     4 ||    17
       Potion            |       |       |       |     5 ||     5
 Stab: Sleeping          |     2 |     1 |     5 |       ||     8
       Distracted        |       |     1 |     2 |       ||     3
  Eat: Chunk             |     3 |     7 |     6 |     6 ||    22
       Bread ration      |       |     1 |       |       ||     1
       Beef jerky        |       |     1 |       |       ||     1
       Meat ration       |       |       |     1 |       ||     1
       Pizza             |       |       |       |     1 ||     1
Armor: Ring mail         |    21 |    77 |    44 |       ||   142
       Chain mail        |       |       |    47 |    53 ||   100
       Skin              |       |       |       |    11 ||    11
Dodge: Dodged            |    45 |   112 |   177 |   161 ||   495

Notes
Turn   | Place    | Note
-------+----------+-------------------------------------------
     0 | D:1      | Duffy the Tengu Monk began the quest for the Orb.
     0 | D:1      | Reached XP level 1. HP: 14/14 MP: 2/2
   341 | D:1      | Reached skill level 4 in Long Blades
   341 | D:1      | Reached XP level 2. HP: 10/19 MP: 3/3
   613 | D:1      | Reached XP level 3. HP: 23/23 MP: 4/4
  1860 | D:3      | Reached XP level 4. HP: 23/28 MP: 5/5
  2875 | D:3      | Found an iron altar of Okawaru.
  2876 | D:3      | Noticed Shenda's ghost (amateur VSFi)
  2900 | D:2      | Reached skill level 4 in Fighting
  3304 | D:3      | Killed Shenda's ghost
  3304 | D:3      | Reached skill level 5 in Long Blades
  3304 | D:3      | Gained mutation: You can fly. [Tengu growth]
  3304 | D:3      | Reached XP level 5. HP: 24/34 MP: 6/6
  4076 | D:4      | Found a sand-covered staircase.
  4081 | Ossuary  | Entered an ossuary
  4089 | Ossuary  | Reached XP level 6. HP: 40/40 MP: 7/7
  4199 | Ossuary  | Reached skill level 5 in Fighting
  4461 | Ossuary  | Reached skill level 6 in Long Blades
  4461 | Ossuary  | Reached skill level 4 in Dodging
  4878 | D:4      | Reached XP level 7. HP: 44/44 MP: 8/8
  5182 | D:4      | Reached skill level 5 in Dodging
  5842 | D:4      | Reached skill level 7 in Long Blades
  5917 | D:5      | Entered Level 5 of the Dungeon
  5920 | D:5      | Found Bacynaa's Book Emporium.
  6619 | D:5      | Reached XP level 8. HP: 42/49 MP: 9/9
  6879 | D:5      | Reached skill level 8 in Long Blades
  7080 | D:5      | Reached skill level 6 in Fighting
  7106 | D:5      | Found a staircase to the Ecumenical Temple.
  7113 | Temple   | Entered the Ecumenical Temple
  7174 | Temple   | Became a worshipper of Cheibriados the Contemplative
  7174 | Temple   | Reached * piety under Cheibriados
  7174 | Temple   | Reached ** piety under Cheibriados
  7197 | D:5      | Noticed Dowan
  7199 | D:5      | Noticed Duvessa
  7210 | D:5      | Killed Duvessa
  7210 | D:5      | Killed Dowan
  7819 | D:6      | Reached *** piety under Cheibriados
  7855 | D:6      | Reached skill level 9 in Long Blades
  8216 | D:6      | Found a runed door.
  8220 | D:6      | Noticed Crazy Yiuf
  8225 | D:6      | Killed Crazy Yiuf
  8225 | D:6      | Reached skill level 7 in Fighting
  8331 | D:6      | Reached XP level 9. HP: 51/57 MP: 10/10
  8400 | D:7      | Noticed Menkaure
  8403 | D:7      | Killed Menkaure
  8443 | D:7      | You fall through a shaft!
  8840 | D:7      | Reached skill level 8 in Fighting
  8893 | D:7      | Reached **** piety under Cheibriados
  8997 | D:7      | Reached skill level 10 in Long Blades
  9934 | D:9      | Found a shattered altar of Ashenzari.
  9934 | D:9      | Found a hazy altar of Hepliaklqana.
  9973 | D:9      | Reached skill level 1 in Invocations
 10206 | D:9      | Reached skill level 2 in Invocations
 10226 | D:9      | Reached ***** piety under Cheibriados
 10226 | D:9      | Reached skill level 11 in Long Blades
 10226 | D:9      | Reached XP level 10. HP: 55/65 MP: 8/12
 10242 | D:9      | Reached skill level 3 in Invocations
 10518 | D:8      | Reached skill level 4 in Invocations
 11084 | D:9      | Reached skill level 12 in Long Blades
 11088 | D:9      | Reached skill level 5 in Invocations
 11319 | D:9      | Found a white marble altar of Elyvilon.
 11319 | D:9      | Found an oddly glowing altar of Pakellas.
 11321 | D:9      | Found a radiant altar of Vehumet.
 11324 | D:9      | Found a stormy altar of Qazlal.
 11326 | D:9      | Found a shadowy altar of Dithmenos.
 11327 | D:9      | Found an ancient bone altar of Kikubaaqudgha.
 11331 | D:9      | Found a blossoming altar of Fedhas.
 11378 | D:10     | Entered Level 10 of the Dungeon
 11384 | D:10     | Noticed happinesssam's ghost (journeyman HaAs)
 11394 | D:9      | Reached skill level 6 in Dodging
 11435 | D:10     | Killed happinesssam's ghost
 11435 | D:10     | Reached skill level 7 in Dodging
 11435 | D:10     | Reached skill level 6 in Invocations
 11435 | D:10     | Reached XP level 11. HP: 33/69 MP: 16/16
 11653 | D:10     | Found a staircase to the Orcish Mines.
 12247 | D:10     | Killed an unseen horror
 12247 | D:10     | Reached skill level 8 in Dodging
 12247 | D:10     | Reached skill level 7 in Invocations
 12510 | D:11     | Reached skill level 9 in Fighting
 12890 | D:11     | Noticed a brown ugly thing
 12993 | D:11     | Found a staircase to the Lair.
 13015 | D:11     | Slain by a large slime creature

Skill      XL: |  1  2  3  4  5  6  7  8  9 10 11 |
---------------+----------------------------------+-----
Long Blades    | 4 5 6 7 9 11 12 | 12.2
Fighting       | 4 5 7 8 9 |  9.5
Dodging        | 4 5 7 8 |  8.2
Invocations    | 2 6 7 |  7.9
Stealth        | |  2.0

Vault maps used:
D:1:      dpeg_arrival_brainrot
D:2:      first_bread
D:3:      okawaru_metal_pillars_3
D:4:      nicolae_ossuary_entry_ruins
D:5:      kennysheep_kobold_camp, serial_shops, nicolae_shop_behind_doors,
          eino_small_chamber_without_monster, small_statue_intersection,
          uniq_duvessa
D:6:      uniq_crazy_yiuf_cottage
D:7:      corexii_item_surrounded_by_moat, uniq_menkaure
D:9:      minitemple, gammafunk_temple_overflow_elements
D:10:     orc_0_dummy, hangedman_stone_soup
D:11:     dpeg_lair_monsters
Temple:   cyrus_circular_temple
Ossuary:  ossuary_tomb_1

Vanquished Creatures
  The ghost of happinesssam the Covert, a journeyman HaAs of Uskayaw
  An unseen horror
  2 centaur skeletons
  3 slime creatures
  A vampire
  11 yaks
  A human
  A hippogriff
  2 vampire mosquitoes
  A hungry ghost Menkaure
  2 water moccasins Duvessa
  An orc warrior
  A black bear
  An ice beast
  6 sky beasts
  2 necrophages
  2 ogres
  2 phantoms
  An eye of draining
  7 centaurs
  A big kobold
  2 elf zombies
  The ghost of Shenda the Skirmisher, an amateur VSFi of Okawaru
  7 giant frogs
  A wyvern zombie Dowan
  A water moccasin skeleton
  4 wights
  8 howler monkeys
  A centaur zombie
  3 crimson imps
  A giant frog zombie
  A quasit
  4 hounds
  2 orc priests Crazy Yiuf
  3 jellies
  5 iguanas
  9 worker ants
  3 orc wizards
  2 hound zombies
  2 hound skeletons
  2 mummies
  3 worker ant zombies
  A gnoll
  15 adders
  2 shadow imps
  2 oozes
  An adder skeleton
  5 worms
  2 dart slugs
  8 giant geckos
  24 orcs
  2 ball pythons
  6 giant cockroaches
  3 goblins
  4 hobgoblins
  13 jackals
  6 quokkas
  10 bats
  5 giant newts
  A goblin zombie
  10 hobgoblin zombies
  A jackal skeleton
  2 jackal zombies
  26 kobolds
  9 kobold zombies
  10 orc zombies
  A quokka skeleton
  3 rats
  3 rat zombies
  A fungus
  3 plants
298 creatures vanquished.
